AoeStats
← Auden

African Clearing

505066374Analyzed
4v4 RM · 25d ago on Sep 7, 2026· 53m 31s· 8 players
Game mode
Random Map
Map size
Large (8 player)
Population
200
Speed
Normal
Resources
Standard
Victory
Conquest
Starting age
Dark Age
Ending age
Imperial Age
RankedLock teamsTeams togetherTeam positionsShared explorationLock speedFull tech treeHidden civsTurbo modeCheats
Victory
Defeat
🇹🇷 Burmese · Türkiye
1096
+18
🇩🇪 Cumans · Germany
1071
+19
🇩🇪 Chinese · Germany
1066
+19
🇺🇸 Lithuanians · United States
1054
+19
🇫🇷 Armenians · France
1152
-21
🇫🇷 Celts · France
1146
-19
🇫🇷 Khitans · France
1115
-18
🇫🇷 Tatars · France
1096
-17
Nuhro
8:27 Loom
15:48 Feudal Age
21:26 Castle Age
20:41 Gold Mining
21:49 Man-at-Arms
23:30 Horse Collar
25:43 Gold Shaft Mining
31:25 Padded Archer Armor
33:46 Scale Mail Armor
40:26 Pikeman
46:41 Imperial Age
44:17 Heavy Plow
44:59 Wheelbarrow
45:12 Fletching
47:08 Bodkin Arrow
47:12 Guard Tower
50:19 Padded Archer Armor
50:36 Chain Mail Armor
Brawling Toaster
12:36 Loom
14:32 Feudal Age
15:23 Loom
15:41 Stone Mining
15:40 Double-Bit Axe
15:51 Gold Mining
16:38 Wheelbarrow
16:21 Horse Collar
16:49 Fishing Lines
19:27 Town Watch
22:15 Castle Age
21:10 Forging
21:19 Scale Mail Armor
23:11 Hand Cart
23:11 Bow Saw
23:15 Squires
26:15 Fletching
27:54 Scale Barding Armor
27:51 Heavy Plow
29:37 Husbandry
29:47 Bloodlines
32:16 Stone Shaft Mining
33:22 Ballistics
34:09 Iron Casting
35:23 Chain Barding Armor
37:38 Bodkin Arrow
41:36 Imperial Age
42:42 Conscription
44:00 Chemistry
42:41 Treadmill Crane
44:05 Plate Barding Armor
44:05 Hill Forts
45:25 Two-Man Saw
45:10 Tower Shields
45:15 Padded Archer Armor
45:05 Arson
45:09 Pikeman
46:07 Chain Mail Armor
46:28 Town Patrol
47:06 Leather Archer Armor
47:15 Bracer
47:44 Elite Skirmisher
48:30 Thumb Ring
48:59 Ring Archer Armor
50:46 Elite Leitis
51:42 Masonry
53:37 Fervor
tobias-bayer90
15:00 Feudal Age
16:36 Double-Bit Axe
16:34 Horse Collar
22:17 Castle Age
22:10 Man-at-Arms
25:48 Gold Mining
26:44 Pikeman
31:53 Bloodlines
32:01 Forging
31:57 Scale Barding Armor
32:23 Fletching
34:49 Chain Barding Armor
36:03 Iron Casting
45:25 Imperial Age
45:33 Elite Steppe Lancer
47:38 Gold Shaft Mining
48:00 Plate Barding Armor
48:57 Blast Furnace
Shadowman37
16:17 Feudal Age
15:51 Loom
21:15 Castle Age
20:43 Double-Bit Axe
20:44 Horse Collar
21:14 Stone Mining
33:23 Fletching
33:34 Padded Archer Armor
35:01 Bodkin Arrow
35:18 Gold Mining
36:15 Leather Archer Armor
38:09 Gold Shaft Mining
40:51 Imperial Age
41:26 Wheelbarrow
41:06 Elite Chu Ko Nu
43:52 Conscription
52:44 Ring Archer Armor
52:14 Bracer
52:52 Ballistics
53:32 Chemistry
Karnevil
3:24 Loom
14:05 Feudal Age
14:43 Feudal Age
19:03 Castle Age
16:51 Double-Bit Axe
17:06 Gold Mining
17:59 Stone Mining
18:09 Horse Collar
20:11 Bow Saw
20:15 Heavy Plow
23:28 Pikeman
25:47 Scale Mail Armor
30:28 Chain Mail Armor
35:00 Forging
38:57 Imperial Age
39:24 Halberdier
40:03 Onager
40:09 Light Cavalry
41:19 Scale Barding Armor
48:09 Chemistry
48:13 Conscription
BagroZob
9:53 Loom
12:55 Feudal Age
13:57 Double-Bit Axe
22:33 Castle Age
20:20 Domestication
21:00 Scale Barding Armor
21:03 Gold Mining
21:47 Forging
22:55 Wheelbarrow
23:19 Husbandry
32:07 Bow Saw
33:54 Town Watch
34:36 Scale Mail Armor
Auden
14:18 Feudal Age
13:57 Loom
15:32 Horse Collar
19:28 Castle Age
18:29 Double-Bit Axe
19:37 Double-Bit Axe
20:14 Squires
19:35 Pikeman
21:10 Forging
21:39 Scale Mail Armor
21:50 Man-at-Arms
22:40 Gambesons
23:32 Long Swordsman
25:06 Two-Handed Swordsman
27:38 Arson
32:20 Gold Mining
34:02 Padded Archer Armor
35:18 Fletching
35:44 Leather Archer Armor
35:28 Crossbowman
37:11 Bow Saw
38:30 Wheelbarrow
37:58 Bodkin Arrow
40:29 Champion
42:49 Ballistics
45:49 Imperial Age
43:35 Hand Cart
44:26 Heavy Plow
44:29 Town Watch
45:15 Town Patrol
46:19 Elite Composite Bowman
47:45 Bracer
48:16 Ring Archer Armor
49:55 Fereters
50:27 Hoardings
50:52 Husbandry
50:12 Cavalier
52:48 Bloodlines
51:59 Light Cavalry
La Trelle
4:00 Loom
16:17 Feudal Age
20:03 Castle Age
21:02 Bloodlines
20:59 Scale Barding Armor
21:06 Forging
21:14 Double-Bit Axe
24:52 Husbandry
25:53 Gold Mining
26:45 Wheelbarrow
27:57 Bow Saw
31:35 Chain Barding Armor
34:08 Stone Mining
36:01 Iron Casting
40:42 Hand Cart
40:20 Town Watch
40:56 Silk Armor
44:51 Horse Collar
48:52 Imperial Age
50:44 Elite Steppe Lancer
53:36 Blast Furnace
Connection lost

Rejoining the realm…

Still unreachable

The connection could not be restored.

Session expired

The server has moved on; the page needs a fresh start.